AoeStats
← [SAPR] Janstonbeats

Golden Pit

510101009Analyzed
1v1 RM · 2d ago on Sep 29, 2026· 44m 57s· 2 players
Game mode
Random Map
Map size
Tiny (2 player)
Population
200
Speed
Normal
Resources
Standard
Victory
Conquest
Starting age
Dark Age
Ending age
Imperial Age
RankedLock teamsTeams togetherTeam positionsShared explorationLock speedFull tech treeHidden civsTurbo modeCheats
Victory
Defeat
🇫🇷 Franks · France
1040
+16
🇸🇪 Bohemians · Sweden
1041
-16
[SAPR] Janstonbeats
7:23 Loom
9:42 Feudal Age
10:32 Double-Bit Axe
14:15 Fletching
21:10 Castle Age
19:30 Padded Archer Armor
19:41 Gold Mining
21:15 Crossbowman
21:58 Bodkin Arrow
24:34 Wheelbarrow
24:21 Bow Saw
31:27 Ballistics
32:32 Scale Barding Armor
32:38 Forging
34:33 Chain Barding Armor
34:49 Iron Casting
36:52 Husbandry
37:56 Hand Cart
37:27 Town Watch
41:38 Imperial Age
39:07 Light Cavalry
41:49 Cavalier
43:36 Plate Barding Armor
44:02 Blast Furnace
43:30 Paladin
Poppetastic
10:56 Feudal Age
12:07 Loom
15:20 Castle Age
13:30 Horse Collar
13:43 Double-Bit Axe
19:02 Wheelbarrow
18:54 Bow Saw
21:45 Hand Cart
22:28 Fervor
30:52 Imperial Age
28:42 Heavy Plow
30:08 Ballistics
32:08 Chemistry
34:14 Two-Man Saw
33:39 Town Watch
33:29 Cavalier
34:49 Scale Barding Armor
34:41 Elite Skirmisher
35:44 Fletching
39:48 Husbandry
39:26 Pikeman
41:41 Conscription
42:48 Halberdier
43:30 Squires
Connection lost

Rejoining the realm…

Still unreachable

The connection could not be restored.

Session expired

The server has moved on; the page needs a fresh start.